Unix NetHack Version 5.0.0-0 post-release - last build May  4 2026 22:22:43 (774f63e81ad911689b3a0859ea89b322d5daca8d,branch:main).

Game began 2026-05-06 17:21:13, ended 2026-05-06 17:50:36.

DaveT, lawful male human Priest

    ---------------
    |.............|           ------------
    |.............|           |..........|
    |......)......|          #[..........|
    ---.-----------          #|..........|
       ####                  #|.b........|
          ###                #|...........######   ###
            #####            #-----|------     #######   -------------
                #            ###   #               # #q@-.%?])/(/!h+.|
                ##             #                          @(?%)(%)[)*|
            -----%----         #                            ?]!%%%)%?|
            |..<......##########                              !%%!%(+|
            |........|        ####)#                          --------
            |.........###########  #
            |........| ###`---.-#  ###     ------
            -.--------     -.[.-)######    ....`.
             ##            |...|      ###....$..|
                           -----          -------

DaveT the Adept              St:12 Dx:12 Co:13 In:10 Wi:18 Ch:10  Lawful
Dlvl:5  $:79 HP:0(46) Pw:68(68) AC:1  Xp:6 T:2927  Burdened

Latest messages:
 This door is locked.
 In what direction? l
 As you kick the door, it crashes open!
 You hear a chugging sound.
 You hit the rothe.
 The rothe hits!
 The rothe bites!
 The rothe bites again!
 The rothe hits!
 The rothe bites!
 The rothe just misses!
 You miss the rothe.
 You hit the rothe.
 The rothe misses!
 The rothe bites!
 The rothe bites again!
 You hit the rothe.
 The rothe hits!
 The rothe bites!
 The rothe bites again!
 The rothe hits!
 The rothe bites!
 The rothe misses!
 You hit the rothe!
 The rothe misses!
 The rothe bites!
 The rothe misses!
 You hit the rothe.
 You miss the rothe.
 The rothe misses!
 The rothe just misses!
 The rothe bites!
 The rothe hits!
 The rothe bites!
 The rothe misses!
 You hit the rothe.
 The rothe hits!
 The rothe bites!
 The rothe misses!
 You kill the rothe!
 You miss the rothe.
 The rothe hits!
 The rothe bites!
 The rothe bites again!
 You hit the rothe.
 The rothe hits!
 The rothe bites!
 You die...
 Do you want your possessions identified? [ynq] (y) y
 Do you want to see your attributes? [ynq] (y) q

Inventory:
 Coins    ('$')
  $ - 79 gold pieces
 Weapons  (')')
  A - 10 +0 darts
  E - 7 +0 darts
  N - a +0 knife
  a - a blessed +1 mace (weapon in left hand)
 Armor    ('[')
  M - a +0 orcish helm (being worn)
  L - a rusty +0 orcish helm
  C - a +0 pair of jumping boots (being worn)
  I - a +0 shield of reflection (being worn)
  c - a +0 small shield
  b - a +0 robe (being worn)
  D - a +0 studded leather armor (being worn)
 Comestibles  ('%')
  e - a clove of garlic
  m - a food ration
  f - a sprig of wolfsbane
 Scrolls  ('?')
  i - a scroll of enchant weapon
  x - a scroll of identify
  q - a cursed scroll of teleportation
 Spellbooks  ('+')
  J - a spellbook of jumping
  g - a spellbook of light
  h - a spellbook of protection
  s - a spellbook of restore ability
 Potions  ('!')
  k - 2 potions of enlightenment
  F - a potion of healing
  o - a potion of restore ability
  y - a potion of see invisible
  d - 4 potions of holy water
  n - a potion of water
 Wands    ('/')
  K - a wand of digging (0:7)
 Gems/Stones  ('*')
  l - an amber stone
  G - a fluorite stone
  t - a jet stone
  j - a cursed worthless piece of blue glass
  u - a worthless piece of green glass

DaveT the Priest's attributes:

Background:
 You were an Adept, a level 6 human Priest.
 You were lawful, on a mission for Athena
 who was opposed by Hermes (neutral) and Poseidon (chaotic).
 You were left-handed.
 You were in the Dungeons of Doom, on level 5.
 You entered the dungeon 2927 turns ago.
 You had 531 experience points, 109 more were needed to attain level 7.

Basics:
 You had 0 out of 46 hit points.
 You had all 68 energy points (spell power).
 Your armor class was 1.
 Your wallet contained 79 zorkmids.
 Autopickup was off.

Final Characteristics:
 Your strength was 12 (limit:18/100).
 Your dexterity was 12 (peak:13, limit:18).
 Your constitution was 13 (limit:18).
 Your intelligence was 10 (limit:18).
 Your wisdom was 18 (limit:18).
 Your charisma was 10 (limit:18).

Final Status:
 You weren't hungry.
 You were burdened; movement was slightly slowed.
 You were wielding a mace.
 You had basic skill with mace and could have enhanced that.

Final Attributes:
 You were piously aligned.
 You could jump.
 You were guarded.
 Your spell casting was enhanced by wearing a robe.
 You had reflection.
 You are dead.

Miscellaneous:
 You didn't encounter any bones levels.
 Total elapsed playing time was 29 minutes and 23 seconds.

Major events:
 Turn
    1: DaveT the lawful human Priest entered the dungeon
  317: entered the Gnomish Mines
 1159: attained the rank of Acolyte (level 3)
 2656: attained the rank of Adept (level 6)
 2927: killed by a rothe

Spells:
 Name                 Level Category     Fail Retention
 light                  1   clerical      59%   81%-90%
 protection             1   clerical      59%   81%-90%
 restore ability        4   healing       97%  76%-100%
 jumping                1   escape        59%  76%-100%

Skills:
 Fighting Skills
   bare handed combat [Unskilled]
 Weapon Skills
   club               [Unskilled]
   mace               [Basic]
   morning star       [Unskilled]
   flail              [Unskilled]
   hammer             [Unskilled]
   quarterstaff       [Unskilled]
   polearms           [Unskilled]
   spear              [Unskilled]
   trident            [Unskilled]
   lance              [Unskilled]
   bow                [Unskilled]
   sling              [Unskilled]
   crossbow           [Unskilled]
   dart               [Unskilled]
   shuriken           [Unskilled]
   boomerang          [Unskilled]
   unicorn horn       [Unskilled]
 Spellcasting Skills
   healing spells     [Unskilled]
   divination spells  [Unskilled]
   clerical spells    [Basic]

Voluntary challenges:
 Character rerolling was not enabled.
 You never genocided any monsters.
 You never polymorphed an object.
 You never changed form.
 You used no wishes.
Achievements:
 You entered the Gnomish Mines.
 You entered a shop.
 You attained the rank of Acolyte.
 You attained the rank of Adept.

 The Dungeons of Doom: levels 1 to 5
    Level 1:
       An altar.
    Level 2:
       A general store, a fountain.
       Stairs down to The Gnomish Mines.
    Level 3: "vault"
       A food shop, a fountain.
    Level 4: "vault door in SW"
       Some shops, a grave.
    Level 5: <- You were here.
       Final resting place for
          you, killed by a rothe.
 The Gnomish Mines:
    Level 3:


Vanquished creatures:
  a ghost
  a small mimic
 10 Mordor orcs
  a rock piercer
  a pony
  a violet fungus
  a giant ant
  a kitten
  a homunculus
  a rothe
  2 dwarf zombies
  2 iguanas
 an acid blob
  a hobbit
  9 manes
  a large kobold
  a cave spider
  2 yellow molds
  3 geckos
  4 jackals
  2 foxes
  4 grid bugs
  2 bats
  2 lichens
  4 newts
59 creatures vanquished.

No species were genocided or became extinct.

Game over:
                       ----------
                      /          \
                     /    REST    \
                    /      IN      \
                   /     PEACE      \
                  /                  \
                  |      DaveT       |
                  |      79 Au       |
                  |   killed by a    |
                  |      rothe       |
                  |                  |
                  |                  |
                  |       2026       |
                 *|     *  *  *      | *
        _________)/\\_//(\/(/\)/\//\/|_)_______

Goodbye DaveT the Priest...

You died in The Dungeons of Doom on dungeon level 5 with 2406 points,
and 79 pieces of gold, after 2927 moves.
You were level 6 with a maximum of 46 hit points when you died.

